 Dungeon Crawl Stone Soup version 0.23.1-37-gaa34b87 (webtiles) character file.

Game seed: 2323007036975539077

184 Borgoz the Sneak (level 5, -3/41 HPs)
             Began as a Ghoul Enchanter on Mar 21, 2019.
             Slain by Menkaure (20 damage)
             ... on level 4 of the Dungeon.
             The game lasted 00:04:54 (2648 turns).

Borgoz the Sneak (Ghoul Enchanter)                  Turns: 2648, Time: 00:04:55

Health: -3/41      AC:  5    Str: 12    XL:     5   Next: 63%
Magic:  7/7        EV: 11    Int: 10    God:
Gold:   177        SH:  0    Dex: 10    Spells: 7/8 levels left

rFire    . . .     SeeInvis .   j - +3 dagger (drain)
rCold    + . .     Gourm    .   (no shield)
rNeg     + + +     Faith    .   c - +0 ring mail
rPois    ∞         Spirit   .   (no helmet)
rElec    .         Reflect  .   (no cloak)
rCorr    .         Harm     .   (no gloves)
MR       .....                  (no boots)
Stlth    ++........             (no amulet)
HPRegen  0.00/turn              (no ring)
MPRegen  0.10/turn              (no ring)

@: rotting
A: rotting body, claws 1, carnivore, cold resistance 1, negative energy
resistance 3, inhibited regeneration, torment resistance, unbreathing
a: no special abilities


You were on level 4 of the Dungeon.
You were not hungry.

You visited 1 branch of the dungeon, and saw 4 of its levels.

You collected 177 gold pieces.

Inventory:

Hand Weapons
 a - a +0 dagger of venom
 j - a +3 dagger of draining (weapon)
Armour
 c - a +0 ring mail (worn)
Wands
 k - a wand of polymorph (8)
Scrolls
 e - a scroll of fear {unknown}
 f - 2 scrolls of amnesia
 i - a scroll of fog {unknown}
Potions
 b - 2 potions of degeneration {unknown}
 g - 2 potions of agility {unknown}
 h - a potion of heal wounds {unknown}
 l - a potion of berserk rage {unknown}
Comestibles
 d - 10 rations
 m - 2 chunks of flesh


   Skills:
 + Level 1.7 Fighting
 * Level 2.2 Short Blades
 * Level 1.7 Armour
 * Level 2.7 Dodging
 + Level 3.7 Stealth
 + Level 2.2 Spellcasting
 + Level 2.7 Hexes


You had 7 spell levels left.
You knew the following spells:

 Your Spells              Type           Power        Failure   Level  Hunger
a - Corona                Hex            #......      22%         1    ##.....

Your spell library contained the following spells:

 Spells                   Type           Power        Failure   Level  Hunger
 Ensorcelled Hibernation  Hex/Ice        #.....       50%         2    ###....
 Confuse                  Hex            #.......     54%         3    ####...
 Tukima's Dance           Hex            #.......     54%         3    ####...
 Dazzling Spray           Conj/Hex       #.....       75%         3    ####...


Dungeon Overview and Level Annotations

Branches:
Dungeon (4/15)
 Temple: D:4-7

Altars:
Trog

Annotations:
D:4 Menkaure


Innate Abilities, Weirdness & Mutations

Your body is rotting away.
You thrive on raw meat.
You are immune to poison.
You have sharp fingernails.
You are carnivorous and can eat meat at any time.
Your flesh is cold resistant. (rC+)
You are immune to negative energy. (rN+++)
You do not regenerate when monsters are visible.
You are immune to unholy pain and torment.
You can survive without breathing.


Message History

Menkaure is heavily damaged.
The worker ant closely misses you. Menkaure misses you.
You closely miss Menkaure.
Menkaure is heavily damaged.
The worker ant bites you. The worker ant completely misses you.
You hit Menkaure.
Menkaure is heavily damaged.
Menkaure hits you! The worker ant closely misses you.
You are too injured to fight recklessly!
You are too injured to fight recklessly!
You are too injured to fight recklessly!
You hit Menkaure.
Menkaure is severely damaged.
Menkaure gestures wildly while chanting.
Menkaure seems to speed up.
The worker ant bites you but does no damage.
You hit Menkaure.
Menkaure is almost destroyed.
Menkaure hits you!!
You die...

#..###....# #.........+
#........... #.###.....#
#........... #.# #.....#
#........... #.# #.....#
#........... #.# #)....#
#........... #.###.....#
#...........
..........###....M......
#.####....+.....@a......
..# #....###...........
### #....###...........
#..................
#........#########.
#####....# #.†).# #....#
#....#


You could see Menkaure and a worker ant.

Vanquished Creatures
  An orc wizard (D:3)
  Robin (D:2)
  4 adders
  2 oozes
  A worm (D:2)
  3 leopard geckos (D:3)
  6 orcs
  8 giant cockroaches
  13 goblins
  7 hobgoblins
  3 jackals (D:2)
  7 kobolds
  A quokka (D:4)
  5 ball pythons
  6 bats
  6 frilled lizards
  A leopard gecko skeleton (D:4)
  9 rats
84 creatures vanquished.

Vanquished Creatures (others)
  A goblin (D:2)
1 creature vanquished.

Grand Total: 85 creatures vanquished

Notes
Turn   | Place    | Note
-------+----------+-------------------------------------------
     0 | D:1      | Borgoz the Ghoul Enchanter began the quest for the Orb.
     0 | D:1      | Reached XP level 1. HP: 14/14 MP: 2/2
     0 | D:1      | Noticed a shadow dragon
     0 | D:1      | Noticed a large abomination
     1 | D:1      | Noticed a shadow dragon
     3 | D:1      | Noticed an ice dragon
     7 | D:1      | Noticed an orb of fire
     8 | D:1      | Noticed a green draconian
    10 | D:1      | Noticed a tentacled monstrosity
    12 | D:1      | Noticed a shadow dragon
    15 | D:1      | Noticed an ice dragon
    15 | D:1      | Noticed a black draconian
    15 | D:1      | Noticed a purple draconian
    17 | D:1      | Noticed a shadow dragon
    17 | D:1      | Noticed a shadow dragon
    17 | D:1      | Noticed an orb of fire
    21 | D:1      | Noticed a golden dragon
    37 | D:1      | Reached skill level 1 in Short Blades
   364 | D:1      | Reached XP level 2. HP: 19/19 MP: 3/3
   812 | D:1      | Reached XP level 3. HP: 25/27 MP: 4/4
  1164 | D:2      | Reached skill level 1 in Armour
  1262 | D:2      | Noticed Robin
  1677 | D:2      | Reached XP level 4. HP: 22/33 MP: 6/6
  1856 | D:2      | Killed Robin
  1993 | D:3      | Reached skill level 1 in Fighting
  2156 | D:3      | Reached XP level 5. HP: 36/40 MP: 7/7
  2324 | D:3      | Found a bloodstained altar of Trog.
  2636 | D:4      | Noticed Menkaure
  2648 | D:4      | Slain by Menkaure

Skill      XL: |  1  2  3  4 |
---------------+-------------+-----
Short Blades   | 1 2 |  2.2
Dodging        | 2 |  2.7
Spellcasting   | 2 |  2.2
Armour         | 1 |  1.7
Fighting       | 1 |  1.7
Stealth        | |  3.7
Hexes          | |  2.7

Action                   |  1- 3 |  4- 6 || total
-------------------------+-------+-------++-------
Melee: Dagger            |   143 |   134 ||   277
  Use: Scroll            |     4 |       ||     4
 Stab: Sleeping          |     3 |     2 ||     5
       Distracted        |       |     1 ||     1
  Eat: Chunk             |     3 |     7 ||    10
Armor: Robe              |    14 |       ||    14
       Scale mail        |    30 |       ||    30
       Ring mail         |    19 |    33 ||    52
Dodge: Dodged            |    68 |    71 ||   139
